 Dungeon Crawl Stone Soup version 0.27-a0-416-gca2cecf3c0 (webtiles) character file.

Game seed: 2850263163230362553

205456 littlecub the Unseen (level 18, -12/91 HPs)
             Began as a Spriggan Enchanter on Feb 24, 2021.
             Was an Initiate of Gozag.
             Killed from afar by a deep elf sorcerer (40 damage)
             ... with damnation
             ... on level 3 of the Elven Halls.
             The game lasted 02:40:36 (57874 turns).

littlecub the Unseen (Spriggan Enchanter)          Turns: 57874, Time: 02:40:37

Health: -12/91     AC: 10    Str: 16    XL:     18   Next: 4%
Magic:  40/44      EV: 33    Int: 20    God:    Gozag
Gold:   581        SH: 11    Dex: 20    Spells: 25/41 levels left

rFire    + . .     SeeInvis +   b - +5 short sword of Amorality {venom, rElec rN+++ Str+3 Stlth-}
rCold    + . .     Faith    .   i - +3 buckler of Loimum {Dex+2 Slay+6}
rNeg     + + +     Spirit   .   K - +1 acid dragon scales of Spring {rCorr Str+3 Int+4}
rPois    .         Reflect  .   n - +2 hat {Will+}
rElec    +         Harm     .   V - scarf {rC+ rF+}
rCorr    +         Rampage  .   (gloves unavailable)
Will     ++++.                  (boots unavailable)
Stlth    ++++++....             G - amulet of magic regeneration
HPRegen  0.25/turn              L - +4 ring of evasion
MPRegen  0.54/turn              P - ring of magical power

@: lethally poisoned (-12 -> -15), very quick
A: very small, unfitting armour, see invisible, speed 3
}: 1/15 runes: decaying
a: Renounce Religion, Potion Petition, Call Merchant, Bribe Branch


You were on level 3 of the Elven Halls.
You worshipped Gozag.
Gozag was pleased with you.
You visited 6 branches of the dungeon, and saw 32 of its levels.
You also visited: Gauntlet and Ice Cave.

You collected 13687 gold pieces.
You spent 6914 gold pieces at shops.
You paid 6192 gold pieces to Gozag.

Inventory:

Hand Weapons
 a - a +6 dagger of flaming
 b - the +5 short sword of Amorality (weapon) {venom, rElec rN+++ Str+3 Stlth-}
   (You bought it in a shop on level 1 of the Snake Pit)

   It poisons the flesh of those it strikes.
   It affects your strength (+3).
   It insulates you from electricity.
   It renders you almost immune to negative energy.
   It makes you less stealthy.
 d - the +6 dagger of Drought {antimagic, Dex+3}
   (You bought it in a shop on level 15 of the Dungeon)

   It reduces the magical energy of the wielder, and disrupts the spells and
   magical abilities of those hit.
   Natural abilities and divine invocations are not affected.
   It affects your dexterity (+3).
 h - the +10 rapier "Yczehecw" {vamp, rElec Will+}
   (You found it on level 3 of the Elven Halls)

   It inflicts no extra harm, but heals its wielder when it wounds a living foe.
   It insulates you from electricity.
   It affects your willpower, your defense against some magical effects.
Missiles
 O - 8 datura-tipped darts
Armour
 i - the +3 buckler of Loimum (worn) {Dex+2 Slay+6}
   (You bought it in a shop on level 8 of the Dungeon)

   It affects your dexterity (+2).
   It affects your accuracy and damage with ranged weapons and melee attacks
   (+6).
 n - a +2 hat of willpower (worn)
 p - a +2 cloak of poison resistance
 K - the +1 acid dragon scales of Spring (worn) {rCorr Str+3 Int+4}
   (You bought it in a shop on level 8 of the Dungeon)

   It affects your strength (+3).
   It affects your intelligence (+4).
   It provides partial protection from all sources of acid and corrosion.
 V - a scarf of resistance (worn)
Jewellery
 k - a ring of flight
 w - a ring of fire
 G - an amulet of magic regeneration (around neck)
 L - a +4 ring of evasion (left hand)
 P - a ring of magical power (right hand)
 R - the ring of Vigen {Ice Int+6}
   (You found it on level 6 of the Lair of Beasts)

   [ring of ice]

   It enhances your ice magic.
   It affects your intelligence (+6).
   It makes you vulnerable to fire.
   It protects you from cold.
 U - a ring of protection from cold
Wands
 l - a wand of flame (58)
 r - a wand of polymorph (8)
 t - a wand of paralysis (23)
 u - a wand of digging (19)
 y - a wand of acid (16)
 J - a wand of mindburst (30)
 S - a wand of iceblast (13)
Scrolls
 e - 13 scrolls of teleportation
 q - 4 scrolls of amnesia
 s - 5 scrolls of magic mapping
 x - 12 scrolls of enchant armour
 A - 5 scrolls of blinking
 H - 2 scrolls of vulnerability
 N - 2 scrolls of fear
 Q - 11 scrolls of identify
 T - a scroll of silence
 W - a scroll of summoning
 X - a scroll of fog
 Y - a scroll of brand weapon
 Z - a scroll of holy word
Potions
 c - 6 potions of might
 f - 4 potions of heal wounds
 g - 5 potions of magic
 j - 7 potions of haste
 m - 6 potions of mutation
 o - 3 potions of berserk rage
 v - 16 potions of curing
 z - 9 potions of brilliance
 C - 5 potions of flight
 D - 2 potions of invisibility
 E - 4 potions of ambrosia
 I - 3 potions of resistance
 M - 4 potions of cancellation


   Skills:
 + Level 8.5 Fighting
 * Level 15.0 Short Blades
 - Level 5.0 Armour
 + Level 12.4 Dodging
 * Level 20.3 Stealth
 * Level 5.2 Shields
 - Level 12.0 Spellcasting
 * Level 16.8 Hexes
 + Level 8.3 Summonings
 - Level 4.0 Ice Magic


You had 25 spell levels left.
You knew the following spells:

 Your Spells              Type           Power        Failure   Level
a - Corona                Hex            75%          0%          1
b - Ensorcelled Hibernat  Hex/Ice        100%         1%          2
c - Confusing Touch       Hex            68%          1%          3
d - Summon Mana Viper     Hex/Summ       58%          1%          5
e - Metabolic Englaciati  Hex/Ice        26%          3%          5

Your spell library contained the following spells:

 Spells                   Type           Power        Failure   Level
 Dazzling Flash           Conj/Hex       90%          1%          3
 Portal Projectile        Hex/Tloc       90%          1%          3
 Tukima's Dance           Hex            68%          1%          3
 Fulminant Prism          Conj/Hex       22%          2%          4
 Animate Skeleton         Necr           24%          9%          1
 Beastly Appendage        Tmut           24%          9%          1
 Magic Dart               Conj           48%          9%          1
 Pain                     Necr           48%          9%          1
 Sandblast                Erth           24%          9%          1
 Corpse Rot               Necr/Air       N/A          13%         2
 Searing Ray              Conj           24%          13%         2
 Sublimation of Blood     Necr           6%           13%         2
 Wereblood                Tmut           12%          13%         2
 Ignite Poison            Fire/Tmut/Pois 12%          26%         3
 Spider Form              Tmut/Pois      6%           26%         3
 Ice Form                 Ice/Tmut       20%          36%         4
 Summon Forest            Summ/Tloc      14%          41%         5
 Shadow Creatures         Summ           N/A          41%         6
 Animate Dead             Necr           6%           63%         4
 Iskenderun's Mystic Bla  Conj/Tloc      12%          63%         4
 Petrify                  Tmut/Erth      12%          63%         4
 Agony                    Necr           12%          93%         5
 Alistair's Intoxication  Tmut/Pois      8%           93%         5
 Blade Hands              Tmut           6%           93%         5
 Bolt of Magma            Conj/Fire/Erth 6%           93%         5
 Fireball                 Conj/Fire      6%           93%         5
 Irradiate                Conj/Tmut      6%           93%         5
 Iskenderun's Battlesphe  Conj           12%          93%         5
 Lee's Rapid Deconstruct  Erth           6%           93%         5
 Summon Hydra             Summ           22%          94%         7
 Death Channel            Necr           6%           100%        6
 Eringya's Noxious Bog    Tmut/Pois      6%           100%        6
 Freezing Cloud           Conj/Ice/Air   8%           100%        6
 Iron Shot                Conj/Erth      6%           100%        6
 Statue Form              Tmut/Erth      8%           100%        6
 Orb of Destruction       Conj           6%           100%        7
 Spellforged Servitor     Conj/Summ      14%          100%        7
 Tornado                  Air            6%           100%        9


Dungeon Overview and Level Annotations

Branches:
Dungeon (15/15)            Temple (0/1) D:4            Lair (6/6) D:8
  Swamp (4/4) Lair:4        Snake (2/4) Lair:2        Slime (0/5) Lair:6
    Orc (2/2) D:10            Elf (3/3) Orc:2        Vaults (0/5) D:14
 Depths (0/5) D:15          IceCv (visited)         Gauntlet (visited)

Altars:
Ashenzari
Cheibriados
Gozag
Hepliaklqana
Okawaru
Ru
Uskayaw
Vehumet
Wu Jian
Jiyva

Shops:
D:8 :*[*(   D:10 !   D:15 (   Orc:1 (   Orc:2 =*(   Elf:1 *   Elf:2 ?   Elf:3 [
Snake:1 (   Snake:2 [

Portals:
Pandemonium: Orc:2

Annotations:
D:9 2 transporters, CosmicReverie's ghost, novice MiBe
D:12 3 runed translucent doors, HendSelp's ghost, journeyman GnFi
Snake:2 Vashnia
Elf:2 3 runed translucent doors


Innate Abilities, Weirdness & Mutations

You are very small and have problems with some larger weapons.
You are too small for most types of armour.
You have supernaturally acute eyesight. (SInv)
You cover ground extremely quickly.


Message History

The deep elf annihilator points at you and mumbles some strange words.
The iron shot hits you!!
* * * LOW HITPOINT WARNING * * *
* * * LOW HITPOINT WARNING * * *
You feel sick.
The deep elf sorcerer gestures wildly while chanting.
The deep elf sorcerer seems to speed up.
Your mana viper bites the deep elf annihilator!!
The deep elf annihilator's magic leaks into the air.
Your mana viper bites the deep elf annihilator!
The deep elf annihilator's magic leaks into the air.
You feel much better.
You feel sick.
Your mana viper bites the deep elf sorcerer!
The deep elf sorcerer's magic leaks into the air.
Your mana viper bites the deep elf annihilator!
The deep elf annihilator dies!
You feel sick.
Your mana viper closely misses the deep elf sorcerer.
Things that are here:
a +0 rapier; a +0 leather armour
There is an open door here.
You feel sick.
You close the door.
You feel sick.
You feel sick.
You feel sick.
A deep elf sorcerer opens the door.
You feel sick.
You feel sick.
You feel sick.
The deep elf sorcerer points at you and mumbles some strange words.
The bolt of acid misses you.
You feel sick.
Your mana viper bites the deep elf sorcerer!!
The deep elf sorcerer's magic leaks into the air.
You feel sick.
You feel sick.
Your mana viper disappears in a puff of smoke!
The deep elf sorcerer casts a spell at you.
The sphere of damnation explodes!
The damnation engulfs you!!!
You die...
Your body crumbles into a pile of gold.

#...#..#≈≈....#.##
##+##S.#≈≈....##.#####
#...#e.#≈≈....###'##..
#...#..#≈≈....####....
#...#..#≈≈....##......
#...'..#≈≈....##......
#...#..#≈≈.....'......
#...#..#≈≈....##......
#...#@.#≈≈....##......
###'#..'......##......
#...#..'......##......
#...#..#≈≈....####....
#...'..#≈≈....# ###..
$ #...#..#≈≈....# ###
#...#..#≈≈....# # $
#...#..#≈≈....# $
#...#..#≈≈....#


You could see a deep elf sorcerer (fast) and a friendly mana viper (summoned).

Vanquished Creatures
  Jorgrun (Lair:2)
  A thorn hunter (Swamp:2)
  Roxanne (D:14)
  A deep elf sorcerer (Elf:3)
  Aizul (Swamp:1)
  A deep elf elementalist (Elf:3)
  A very ugly thing (D:14)
  2 deep elf demonologists
  Nessos (Lair:6)
  A deep elf annihilator (Elf:2)
  A white draconian (IceCv)
  3 eleionomae (Swamp:2)
  An ettin (D:15)
  A fire dragon (D:15)
  A vault guard (D:14)
  2 boulder beetles
  An ogre mage (D:15)
  16 hydras
  3 ice dragons (Swamp:4)
  Erolcha (D:12)
  A catoblepas (Lair:6)
  3 naga warriors (Snake:1)
  2 anacondas (Snake:1)
  4 alligators
  Erica (D:10)
  4 centaur warriors
  2 death knights
  A queen ant (Lair:2)
  5 two-headed ogres
  A naga sharpshooter (Snake:2)
  4 death yaks
  A spriggan berserker (Swamp:3)
  5 orc high priests
  Sonja (D:10)
  6 spriggans
  9 deep elf knights
  A shock serpent (shapeshifter) (Elf:1)
  Nergalle (Lair:2)
  A sun demon (Orc:2)
  3 goliath frogs
  2 unseen horrors
  2 torturous demonspawn (Orc:2)
  2 bog bodies
  A spriggan druid (Swamp:1)
  3 swamp dragons
  2 infernal demonspawn (Orc:2)
  2 naga ritualists (Snake:1)
  6 deep elf archers
  5 orc knights (Orc:2)
  A necromancer (Elf:1)
  17 deep elf zephyrmancers
  A lindwurm (Lair:5)
  16 deep elf pyromancers
  4 manticores
  A mana viper (Snake:1)
  A salamander (Snake:1)
  A large abomination (Elf:1)
  6 orc sorcerers
  5 cyclopes
  6 ugly things
  A centaur zombie (D:14)
  9 black mambas
  3 naga magi (Snake:1)
  2 torpor snails (Lair:2)
  3 centaur skeletons
  A gargoyle (D:14)
  Maggie (Lair:2)
  A freezing wraith (Swamp:4)
  14 cane toads
  An efreet (D:15)
  A rime drake (Lair:6)
  9 komodo dragons
  A tengu conjurer (D:15)
  A red devil (Orc:2)
  10 trolls
  9 polar bears
  A bloated husk (Swamp:1)
  7 tyrant leeches
  6 hornets
  Grinder (D:3)
  10 slime creatures
  2 dream sheep (Lair:2)
  2 air elementals
  A vampire (D:14)
  4 water elementals
  6 wyverns
  48 yaks
  5 wraiths
  2 fire elementals
  3 basilisks
  A golden eye (shapeshifter) (D:13)
  6 vampire mosquitoes
  6 wargs
  Menkaure (D:7)
  A swamp worm simulacrum (Swamp:4)
  6 swamp worms
  2 soldier ants (Lair:2)
  8 nagas
  Edmund (D:4)
  2 acid dragons
  13 water moccasins
  Duvessa (D:4)
  7 hydra simulacra (Swamp:4)
  An ice beast (D:10)
  37 orc warriors
  5 black bears
  4 sky beasts
  6 ogres
  24 centaurs
  A necrophage (D:11)
  3 boggarts (Lair:4)
  16 wolves
  A phantom (D:10)
  4 kobold brigands
  2 elf zombies (Elf:1)
  25 bullfrogs
  Dowan (D:4)
  3 scorpions
  3 jellies
  11 killer bees
  15 wights
  4 electric eels
  4 howler monkeys
  2 bullfrog zombies
  A quasit (D:11)
  4 hounds
  27 orc priests
  Crazy Yiuf (D:5)
  A bullfrog skeleton (D:5)
  A hell rat (Lair:2)
  2 iguanas (D:11)
  Ijyb (D:5)
  Natasha (thrice) (D:3)
  24 orc wizards
  25 worker ants
  2 killer bee zombies (D:5)
  A hound zombie (D:9)
  2 hound skeletons
  3 worker ant zombies
  Robin (D:2)
  11 gnolls
  A howler monkey skeleton (D:7)
  10 adders
  3 shadow imps
  3 white imps
  An ufetubus (D:8)
  An ooze (D:3)
  3 swamp drake simulacra (Swamp:4)
  An adder zombie (D:7)
  3 adder skeletons
  2 worms
  A dart slug (D:3)
  6 leopard geckos
  94 orcs
  A ball python (D:1)
  7 bats
  2 giant cockroaches
  26 goblins
  19 hobgoblins
  5 quokkas
  6 frilled lizards
  33 kobolds
  A quokka skeleton (D:6)
  A quokka zombie (D:6)
  9 rats
922 creatures vanquished.

Vanquished Creatures (collateral kills)
  A tentacled monstrosity (Swamp:3)
  Kirke (Swamp:3)
  2 thorn hunters (Swamp:4)
  2 deep elf sorcerers
  A deep elf annihilator (Elf:3)
  A bunyip (Swamp:2)
  A deep elf death mage (Elf:1)
  2 eleionomae (Swamp:3)
  Josephine (Lair:5)
  2 hydras
  An ice dragon (Swamp:4)
  A spriggan air mage (Swamp:3)
  2 catoblepae (Lair:6)
  5 dancing weapons
  2 alligators
  8 death yaks
  A tengu warrior (D:14)
  2 deep elf knights (Elf:2)
  An orc high priest (Orc:2)
  A naga sharpshooter (Snake:1)
  A soul eater (Orc:2)
  A spriggan berserker (Swamp:2)
  A spriggan druid (Swamp:2)
  2 bog bodies
  3 deep elf archers
  4 deep elf zephyrmancers
  5 deep elf pyromancers (Elf:2)
  An orc knight (D:14)
  A mana viper (Snake:1)
  An ugly thing (D:15)
  An orc sorcerer (Orc:2)
  A large abomination (Elf:1)
  A will-o-the-wisp (Swamp:1)
  A centaur zombie (D:15)
  A naga mage (Snake:1)
  3 freezing wraiths (Swamp:4)
  A red devil (Orc:2)
  7 tyrant leeches
  7 polar bears
  A meliai (D:14)
  3 hornets
  3 slime creatures
  2 dream sheep (Lair:2)
  7 spriggans
  10 yaks
  3 wraiths (Lair:5)
  A basilisk (Lair:6)
  3 swamp worm simulacra (Swamp:4)
  A vampire mosquito (Swamp:1)
  A naga (Snake:1)
  A soldier ant (D:15)
  An acid dragon (D:15)
  7 hydra simulacra (Swamp:4)
  5 swamp worms
  A water moccasin (Lair:6)
  2 orc warriors
  A boggart (Lair:4)
  4 wolves
  2 centaurs (D:15)
  A kobold brigand (D:14)
  2 elf zombies (Elf:1)
  3 killer bees (D:12)
  A wight (D:14)
  An orc priest (Orc:2)
  An orc wizard (D:14)
  A swamp drake simulacrum (Swamp:4)
  6 orcs
  A kobold (D:14)
157 creatures vanquished.

Vanquished Creatures (others)
  8 dancing weapons
  3 goliath frogs
  A deep elf archer (Elf:1)
  A will-o-the-wisp (Swamp:4)
  5 bloated husks
  5 humans (Swamp:4)
  A vampire mosquito (Swamp:1)
  A centaur (D:15)
  A briar patch (Swamp:4)
  7 fungi
  67 plants
100 creatures vanquished.

Grand Total: 1179 creatures vanquished

Notes
Turn   | Place    | Note
-------+----------+-------------------------------------------
     0 | D:1      | littlecub the Spriggan Enchanter began the quest for the
                  | Orb.
     0 | D:1      | Reached XP level 1. HP: 9/9 MP: 5/5
   195 | D:1      | Reached XP level 2. HP: 13/13 MP: 6/6
   198 | D:1      | Learned a level 2 spell: Ensorcelled Hibernation
   974 | D:2      | Noticed Robin
  1225 | D:1      | Reached XP level 3. HP: 14/17 MP: 4/8
  1873 | D:1      | Reached skill level 5 in Stealth
  2646 | D:2      | Killed Robin
  3020 | D:2      | Found a hazy altar of Hepliaklqana.
  3177 | D:3      | Reached XP level 4. HP: 20/21 MP: 6/9
  3180 | D:3      | Noticed Natasha
  3181 | D:3      | Learned a level 3 spell: Confusing Touch
  3355 | D:3      | Killed Natasha
  3392 | D:3      | Noticed Natasha
  3401 | D:3      | Killed Natasha
  3414 | D:3      | Noticed Natasha
  3419 | D:3      | Killed Natasha
  3420 | D:3      | Reached XP level 5. HP: 21/25 MP: 0/11
  3517 | D:3      | You fall into a shaft and drop 3 floors!
  3532 | D:6      | Reached skill level 1 in Fighting
  3532 | D:6      | Reached skill level 6 in Stealth
  3532 | D:6      | Reached skill level 1 in Ice Magic
  3566 | D:6      | Reached skill level 5 in Hexes
  3585 | D:6      | Reached XP level 6. HP: 28/30 MP: 3/12
  3652 | D:5      | Entered Level 5 of the Dungeon
  3809 | D:5      | Noticed Ijyb
  3906 | D:3      | Found a snail-covered altar of Cheibriados.
  3906 | D:3      | Found an opulent altar of Gozag.
  3909 | D:3      | Found a broken altar of Ashenzari.
  3914 | D:3      | Became a worshipper of Gozag Ym Sagoz the Greedy
  4241 | D:3      | Noticed Grinder
  4441 | D:3      | Killed Grinder
  4442 | D:3      | Reached skill level 7 in Stealth
  4442 | D:3      | Reached XP level 7. HP: 33/33 MP: 4/14
  5301 | D:4      | Found a staircase to the Ecumenical Temple.
  5301 | D:4      | Noticed Dowan
  5301 | D:4      | Noticed Duvessa
  5313 | D:4      | Killed Dowan
  5605 | D:4      | Killed Duvessa
  5770 | D:4      | Noticed Edmund
  5833 | D:4      | Killed Edmund
  6179 | D:4      | Found an iron altar of Okawaru.
  7503 | D:4      | Identified the +8 rapier "Vuekh" {vorpal, Str+5}
  7663 | D:5      | Reached skill level 8 in Stealth
  7819 | D:5      | Reached XP level 8. HP: 38/39 MP: 6/15
  7911 | D:5      | Killed Ijyb
  8328 | D:5      | Reached skill level 5 in Short Blades
  8742 | D:5      | Found a runed translucent door.
  8743 | D:5      | Noticed Crazy Yiuf
  8750 | D:5      | Killed Crazy Yiuf
  9147 | D:6      | Reached skill level 9 in Stealth
  9364 | D:6      | Reached skill level 5 in Spellcasting
 10785 | D:7      | Reached XP level 9. HP: 43/43 MP: 10/17
 10802 | D:7      | Identified a slimy mace
 11006 | D:7      | Found a sacrificial altar of Ru.
 11139 | D:7      | Found a broken altar of Ashenzari.
 11159 | D:7      | Noticed Menkaure
 11172 | D:7      | Killed Menkaure
 11173 | D:7      | Reached skill level 10 in Stealth
 12018 | D:8      | Noticed a komodo dragon
 12025 | D:8      | Killed a komodo dragon
 12990 | D:8      | Found a staircase to the Lair.
 13340 | D:9      | Reached skill level 11 in Stealth
 13388 | D:9      | Noticed a wolf spider
 13664 | D:9      | Noticed CosmicReverie's ghost (novice MiBe)
 13668 | D:9      | Found a transporter.
 13738 | D:9      | Reached XP level 10. HP: 49/49 MP: 15/20
 13904 | D:9      | You fall into a shaft and drop 2 floors!
 13904 | D:11     | Found a gate leading to a gauntlet.
 13908 | Gauntlet | Entered a Gauntlet
 13908 | Gauntlet | Found a large runed translucent door.
 13908 | Gauntlet | Found a large runed translucent door.
 13908 | Gauntlet | Found a large runed translucent door.
 13908 | Gauntlet | Found a large runed translucent door.
 13908 | Gauntlet | Found a runed translucent door.
 13908 | Gauntlet | Found a large runed translucent door.
 13908 | Gauntlet | Found a large runed translucent door.
 13908 | Gauntlet | Found a transporter.
 13908 | Gauntlet | Found a transporter.
 13908 | Gauntlet | Found a large runed translucent door.
 13908 | Gauntlet | Found a large runed translucent door.
 13908 | Gauntlet | Found a runed translucent gate.
 13908 | Gauntlet | Found a runed translucent gate.
 13908 | Gauntlet | Found a transporter.
 13908 | Gauntlet | Noticed a worldbinder
 13924 | Gauntlet | Found a transporter.
 13928 | Gauntlet | Found a transporter.
 13935 | Gauntlet | Noticed a balrug
 13938 | Gauntlet | Found a transporter.
 13939 | Gauntlet | Found the +0 pair of fencer's gloves {Riposte Dex+3}
 13942 | Gauntlet | Found a transporter.
 13962 | Gauntlet | Found a transporter.
 13962 | Gauntlet | Noticed a death drake
 13981 | Gauntlet | Noticed a necromancer
 13988 | Gauntlet | Noticed a death yak
 13989 | Gauntlet | Noticed a death yak
 13993 | Gauntlet | Noticed a death yak
 13995 | Gauntlet | Noticed a death yak
 14001 | Gauntlet | Found a transporter.
 14002 | Gauntlet | Found a runed translucent gate.
 14002 | Gauntlet | Found a runed translucent door.
 14012 | Gauntlet | Found a large runed translucent door.
 14012 | Gauntlet | Found a large runed translucent door.
 14012 | Gauntlet | Found a large runed translucent door.
 14012 | Gauntlet | Found a large runed translucent door.
 14013 | Gauntlet | Found a large runed translucent door.
 14013 | Gauntlet | Found a large runed translucent door.
 14014 | Gauntlet | Found a large runed translucent door.
 14014 | Gauntlet | Found a large runed translucent door.
 14037 | Gauntlet | Noticed a death yak
 14039 | Gauntlet | Found a transporter.
 14043 | Gauntlet | Found a transporter.
 14046 | Gauntlet | Noticed a death yak
 14050 | Gauntlet | Noticed a ghost crab
 14058 | Gauntlet | Found a transporter.
 14212 | D:10     | Entered Level 10 of the Dungeon
 14552 | D:9      | You fall into a shaft and drop 2 floors!
 14890 | D:11     | Noticed a two-headed ogre
 14920 | D:11     | Killed a two-headed ogre
 14921 | D:11     | Reached skill level 12 in Stealth
 15004 | D:11     | Reached skill level 5 in Dodging
 15230 | D:10     | Noticed Sonja
 15231 | D:10     | Noticed an unseen horror
 15235 | D:10     | Killed Sonja
 15462 | D:9      | Found a transporter.
 15981 | D:9      | Killed an unseen horror
 15982 | D:9      | Reached skill level 10 in Hexes
 16089 | D:10     | Noticed Erica
 16098 | D:10     | Killed Erica
 16099 | D:10     | Reached XP level 11. HP: 54/54 MP: 11/22
 16354 | D:10     | Found a staircase to the Orcish Mines.
 16629 | D:10     | Found Goqyklie's Distillery.
 16638 | D:10     | Bought 2 potions of flight for 96 gold pieces
 16638 | D:10     | Bought 2 potions of invisibility for 256 gold pieces
 16638 | D:10     | Bought 2 potions of ambrosia for 256 gold pieces
 16638 | D:10     | Bought a potion of brilliance for 64 gold pieces
 16638 | D:10     | Bought a potion of attraction for 48 gold pieces
 16638 | D:10     | Bought a potion of lignification for 48 gold pieces
 16638 | D:10     | Bought a potion of berserk rage for 80 gold pieces
 16638 | D:10     | Bought a potion of degeneration for 16 gold pieces
 16638 | D:10     | Bought a potion of haste for 160 gold pieces
 16931 | D:10     | Reached skill level 13 in Stealth
 17810 | D:11     | Noticed a death knight
 17811 | D:11     | Noticed a green ugly thing
 17828 | D:11     | Killed a green ugly thing
 17830 | D:11     | Killed a death knight
 18829 | D:11     | Noticed a two-headed ogre
 18836 | D:11     | Killed a two-headed ogre
 18837 | D:11     | Reached skill level 5 in Fighting
 18900 | D:11     | Noticed a red ugly thing
 18929 | D:11     | Killed a red ugly thing
 18930 | D:11     | Reached skill level 10 in Short Blades
 18930 | D:11     | Reached skill level 14 in Stealth
 19206 | D:11     | Noticed a two-headed ogre
 19283 | Orc:1    | Entered Level 1 of the Orcish Mines
 19285 | Orc:1    | Found Ydorogon's Weapon Emporium.
 19576 | Orc:1    | Noticed an orc high priest
 19625 | Orc:2    | Entered Level 2 of the Orcish Mines
 19625 | Orc:2    | Found a staircase to the Elven Halls.
 19865 | Orc:2    | Reached XP level 12. HP: 46/60 MP: 21/25
 20576 | Orc:2    | Found Tumatus's Magic Scroll Shoppe.
 21107 | Orc:2    | Found Aczijeos's General Store.
 21699 | Orc:2    | Bought a scroll of vulnerability for 90 gold pieces
 21699 | Orc:2    | Bought a potion of might for 48 gold pieces
 22027 | Orc:2    | Noticed an orc high priest
 22232 | Orc:1    | Killed an orc high priest
 22233 | Orc:1    | Reached skill level 15 in Stealth
 22756 | Lair:1   | Entered Level 1 of the Lair of Beasts
 22784 | D:8      | Bought encrusted acid dragon scales for 1350 gold pieces
 22784 | D:8      | Identified the +1 acid dragon scales of Spring {rCorr Str+3
                  | Int+4} (You bought it in a shop on level 8 of the Dungeon)
 22801 | D:8      | Bought a scroll of blinking for 247 gold pieces
 22801 | D:8      | Bought 2 scrolls of identify for 132 gold pieces
 22894 | Lair:1   | Noticed a five-headed hydra
 22913 | Lair:1   | Killed a five-headed hydra
 23075 | Lair:1   | Noticed a six-headed hydra
 23101 | Lair:1   | Killed a six-headed hydra
 23102 | Lair:1   | Reached skill level 1 in Armour
 23469 | Lair:2   | Noticed a seven-headed hydra
 23484 | Lair:2   | Reached XP level 13. HP: 65/65 MP: 21/27
 23708 | Lair:2   | Reached skill level 16 in Stealth
 23749 | Lair:2   | Noticed Nergalle
 23756 | Lair:2   | Killed Nergalle
 23932 | Lair:2   | Found a staircase to the Snake Pit.
 24103 | Lair:3   | Found a hide-covered altar of Uskayaw.
 24106 | Lair:3   | Found an ornate altar of the Wu Jian Council.
 24330 | D:8      | Bought a book of Summonings for 910 gold pieces
 24336 | D:8      | Learned a level 5 spell: Summon Mana Viper
 24730 | Lair:3   | Reached skill level 1 in Summonings
 25549 | Lair:4   | Identified a scroll of acquirement
 25552 | Lair:4   | Reached skill level 5 in Summonings
 25552 | Lair:4   | Reached XP level 14. HP: 70/70 MP: 28/28
 25838 | Lair:4   | Found a staircase to the Swamp.
 26398 | Lair:4   | Acquired a +2 hat of willpower
 26629 | Lair:5   | Found a frozen archway.
 26655 | IceCv    | Entered an ice cave
 28080 | Lair:5   | Noticed Josephine
 28093 | Lair:5   | Killed Josephine
 28824 | Lair:6   | Entered Level 6 of the Lair of Beasts
 28824 | Lair:6   | Found a staircase to the Slime Pits.
 28824 | Lair:6   | Found a viscous altar of Jiyva.
 28843 | Lair:5   | Reached XP level 15. HP: 58/74 MP: 25/29
 29008 | Lair:6   | Reached skill level 10 in Spellcasting
 29187 | Lair:6   | Reached skill level 17 in Stealth
 29193 | Lair:6   | Noticed Nessos
 29326 | Lair:6   | HP: 2/74 [Nessos/arrow (3)]
 29596 | Lair:6   | Killed Nessos
 31270 | Lair:6   | Reached skill level 10 in Dodging
 31851 | Lair:6   | Identified a flickering silver ring
 32301 | Lair:2   | Noticed Maggie
 32308 | Lair:2   | Killed Maggie
 32543 | D:8      | Bought a pitted buckler for 351 gold pieces
 32543 | D:8      | Identified the +3 buckler of Loimum {Dex+2 Slay+6} (You
                  | bought it in a shop on level 8 of the Dungeon)
 34647 | Orc:2    | Found Raraig's Antique Weapon Shop.
 34647 | Orc:2    | Found Loawk's Jewellery Boutique.
 34649 | Orc:2    | Found a one-way gate leading to the halls of Pandemonium.
 34660 | Orc:2    | Reached skill level 1 in Shields
 35378 | D:12     | Noticed Erolcha
 35400 | D:12     | Killed Erolcha
 35507 | D:12     | Found a runed translucent gate.
 35507 | D:12     | Found a runed translucent gate.
 35507 | D:12     | Found a runed translucent gate.
 35508 | D:12     | Found the +9 sword of Zonguldrok {reap}
 35509 | D:12     | Noticed HendSelp's ghost (journeyman GnFi)
 35543 | D:12     | Found an iron altar of Okawaru.
 36266 | D:13     | Reached skill level 18 in Stealth
 36640 | D:14     | Identified Roxanne's Handbook of the Rocks
 36640 | D:14     | Noticed Roxanne
 36661 | D:14     | Killed Roxanne
 36680 | D:14     | Identified an ichor-stained short sword
 37328 | D:14     | Reached skill level 15 in Hexes
 37339 | D:14     | Found a gate to the Vaults.
 37356 | D:14     | Reached XP level 16. HP: 73/80 MP: 27/31
 37918 | D:15     | Entered Level 15 of the Dungeon
 39000 | D:15     | Found a staircase to the Depths.
 39555 | D:15     | Bought a crude dagger for 147 gold pieces
 39555 | D:15     | Identified the +6 dagger of Drought {antimagic, Dex+3} (You
                  | bought it in a shop on level 15 of the Dungeon)
 39794 | Snake:1  | Entered Level 1 of the Snake Pit
 39808 | Snake:1  | Noticed Jorgrun
 40047 | Lair:2   | Killed Jorgrun
 41118 | Snake:1  | Found Ejovuh's Antique Weapon Shop.
 41129 | Snake:1  | Bought an ichor-stained short sword for 192 gold pieces
 41129 | Snake:1  | Identified the +5 short sword of Amorality {venom, rElec
                  | rN+++ Str+3 Stlth-} (You bought it in a shop on level 1 of
                  | the Snake Pit)
 42492 | Snake:2  | Found Gieduxza's Antique Armour Boutique.
 42517 | Snake:2  | Bought an embroidered scarf for 256 gold pieces
 42537 | Snake:2  | Noticed Vashnia
 42784 | Swamp:1  | Entered Level 1 of the Swamp
 43068 | Swamp:1  | Noticed Aizul
 43092 | Swamp:1  | Killed Aizul
 43267 | Swamp:1  | Reached skill level 19 in Stealth
 44467 | Swamp:2  | Noticed a thorn hunter
 44479 | Swamp:2  | Killed a thorn hunter
 45571 | Swamp:3  | Reached XP level 17. HP: 54/85 MP: 33/33
 46954 | Swamp:4  | Entered Level 4 of the Swamp
 46998 | Swamp:4  | Noticed a tentacled monstrosity
 47008 | Swamp:4  | Noticed Kirke
 47710 | Swamp:3  | Killed Kirke
 47912 | Swamp:3  | Killed a tentacled monstrosity
 49693 | Swamp:4  | Reached skill level 5 in Armour
 50251 | Swamp:4  | Got a decaying rune of Zot
 50539 | D:8      | Bought the Volume of Magnificence for 884 gold pieces
 50539 | D:8      | Bought the Incunabulum of the Enchanting Blaze for 893 gold
                  | pieces
 50667 | Elf:1    | Entered Level 1 of the Elven Halls
 50684 | Elf:1    | Found a radiant altar of Vehumet.
 50966 | Elf:1    | Identified the Incunabulum of Black Rites
 51034 | Elf:1    | Found Boary's Assorted Antiques.
 54490 | Elf:1    | Reached skill level 20 in Stealth
 55442 | Elf:2    | Found Ywualen's Magic Scroll Emporium.
 55448 | Elf:2    | Bought a scroll of teleportation for 33 gold pieces
 55448 | Elf:2    | Bought a scroll of teleportation for 33 gold pieces
 55448 | Elf:2    | Bought a scroll of fog for 22 gold pieces
 55448 | Elf:2    | Bought a scroll of brand weapon for 220 gold pieces
 55451 | Elf:2    | Bought a scroll of holy word for 82 gold pieces
 55689 | Elf:2    | Reached skill level 5 in Shields
 55790 | Elf:2    | Learned a level 5 spell: Metabolic Englaciation
 56195 | Elf:2    | Found a runed translucent gate.
 56198 | Elf:2    | Found a runed translucent gate.
 56199 | Elf:2    | Found a runed translucent gate.
 56407 | Elf:3    | Entered Level 3 of the Elven Halls
 56830 | Elf:3    | Identified a polished rapier
 56964 | Elf:3    | Found Micar's Armour Boutique.
 57713 | Elf:3    | Reached XP level 18. HP: 91/91 MP: 35/35
 57757 | Elf:3    | Reached skill level 15 in Short Blades
 57874 | Elf:3    | Killed from afar by a deep elf sorcerer

Illustrated notes

Levels and vault maps discovered:
D:1:      dpeg_arrival_ternary, layout_loops_cross
D:2:      layout_loops_cross, nzn_hepliaklqana_mist_gate, serial_bayou_crossing,
          uniq_robin
D:3:      layout_loops_cross, nicolae_overflow_hidden_temple, serial_forest,
          infiniplex_forest_fountain, infiniplex_forest_lined_room_3,
          infiniplex_forest_clump_long, infiniplex_forest_clump_small,
          infiniplex_forest_straight_1, infiniplex_forest_end_3,
          infiniplex_forest_lined_room_, infiniplex_forest_straight_5,
          infiniplex_forest_corner_1, infiniplex_forest_lined_room_,
          gup_sewer_entry_bowl, chequers_serial_rivers_room_a, uniq_natasha,
          uniq_grinder
D:4:      corexii_shantytown, layout_loops_corners, okawaru_altar_gauntlet_db,
          minmay_temple_entry_statues_fountains, uniq_edmund, uniq_duvessa
D:5:      layout_basic, grunt_decor_one_mirror, uniq_crazy_yiuf_cottage,
          uniq_ijyb
D:6:      layout_basic
D:7:      layout_loops_ring, marbit_many_paths, basic_altar, uniq_menkaure
D:8:      layout_cave_pools, david_lair_shrubbed
D:9:      layout_layer_cave, gammafunk_ghost_arena
D:10:     layout_loops_ring, erik_orc_3, serial_shops,
          nicolae_shop_behind_doors, minmay_misc_feat_columns, uniq_sonja,
          uniq_erica
D:11:     layout_basic, gauntlet_entry_generic, minmay_shattered_shrine
D:12:     layout_irregular_city, gammafunk_ghost_fury_of_okawaru, uniq_erolcha
D:13:     layout_rooms
D:14:     layout_loops_ring, david_vaults_5, kennysheep_cross_bottleneck,
          uniq_roxanne
D:15:     hangedman_depths_entry_civil_slaughter, layout_cross,
          corexii_corridor_pit, serial_glass, glass_columns_a, glass_columns_a,
          glass_columns_a, glass_columns_a, glass_columns_a, glass_columns_a,
          glass_columns_a, glass_columns_b, glass_columns_a, glass_columns_c
Lair:1:   layout_hall_layers
Lair:2:   nzn_winding_woodlands_stair_cross [nzn_winding_woodlands_5x15_cabin,
          nzn_winding_woodlands_center_garden,
          nzn_winding_woodlands_5x15_parted, nzn_winding_woodlands_5x5_cross,
          nzn_winding_woodlands_5x5_checkerboard,
          nzn_winding_woodlands_5x15_default,
          nzn_winding_woodlands_center_diamonds,
          nzn_winding_woodlands_5x15_jagged], layout_chaotic_city,
          guppyfry_snake_entry_island, minmay_another_anthill, uniq_nergalle,
          uniq_maggie
Lair:3:   layout_gridlike, nzn_masters_of_martial_movement, grunt_megastairs_3,
          lemuel_fruit_fields, serial_bayou_shore_a
Lair:4:   layout_regular_city, minmay_swamp_entry_worms, minivault_19,
          kilobyte_rumbling_trees, lemuel_fruit_fields,
          infiniplex_staircase_pool_2
Lair:5:   layout_roguey, portal_ice_cave_entry_pillars_1, forest_entry_grove,
          serial_bayou_shore_b, uniq_josephine
Lair:6:   evilmike_catoblepas_cave, layout_cave_pods, slime_altar_1, uniq_nessos
Swamp:1:  layout_basic_swamp, nicolae_swamp_trees_clearing, swamp_pool1,
          uniq_aizul
Swamp:2:  layout_basic_swamp, evilmike_swamp_ruin_rubble_1,
          nicolae_swamp_stair_fork, swamp_pool1, hangedman_swamp_cone
Swamp:3:  layout_basic_swamp, nicolae_swamp_treefoil
Swamp:4:  swamp_icy, layout_basic_swamp, uniq_kirke
Snake:1:  layout_chambers, serial_shops, shop, serial_bayou_pond_d,
          grunt_megastairs_5, uniq_jorgrun
Snake:2:  skrybe_snakes_to_sticks, layout_chambers, serial_shops, shop,
          shop_statue, nicolae_shop_statue_plus, uniq_vashnia
Orc:1:    layout_diamond_mine, serial_shops, nicolae_shop_waterfront,
          nooodl_orcs_dogs
Orc:2:    pf_orc_diabolical, layout_caves
Elf:1:    eino_elf_arrival_altar, layout_gridlike, serial_shops, shop,
          serial_sigils, serial_sigils_hangedman_snap,
          serial_sigils_hangedman_writhe, serial_sigils_hangedman_shear,
          serial_sigils_hangedman_etch, minmay_elf_necromancy, glass_columns_a,
          serial_sigils_hangedman_gnaw
Elf:2:    layout_loops_cross, serial_shops,
          nicolae_shop_temple_entry_statues_fountains
Elf:3:    minmay_elf_hall_four_x, layout_geoelf_castle, serial_shops, shop

Skill      XL: |  1  2  3  4  5  6  7  8  9 10 11 12 13 14 15 16 17 18 |
---------------+-------------------------------------------------------+-----
Hexes          | 4 5 6 7 9 10 11 12 13 14 15 16 | 16.8
Spellcasting   | 3 4 5 6 7 8 9 10 11 12 | 12.0
Stealth        | 5 6 7 8 9 11 12 14 15 16 18 19 20 | 20.3
Short Blades   | 2 3 4 6 7 8 10 11 12 13 14 15 | 15.0
Fighting       | 1 2 3 4 5 6 7 8 |  8.5
Ice Magic      | 1 2 3 4 |  4.0
Dodging        | 4 5 7 8 9 10 11 12 | 12.4
Armour         | 1 2 3 4 5 |  5.0
Summonings     | 5 6 7 8 |  8.3
Shields        | 1 3 5 |  5.2

Action                   |  1- 3 |  4- 6 |  7- 9 | 10-12 | 13-15 | 16-18 || total
-------------------------+-------+-------+-------+-------+-------+-------++-------
Melee: Dagger            |    88 |    81 |   573 |   475 |   625 |   282 ||  2124
       Rapier            |       |       |       |       |    13 |       ||    13
       Short sword       |       |       |       |       |       |   580 ||   580
 Cast: Corona            |     3 |       |       |       |       |       ||     3
       Ensorcelled Hiber |    38 |    27 |   158 |   360 |   264 |   266 ||  1113
       Confusing Touch   |       |     3 |    26 |    28 |    25 |     6 ||    88
       Summon Mana Viper |       |       |       |       |    94 |   252 ||   346
       Metabolic Englaci |       |       |       |       |       |     4 ||     4
Invok: Call Merchant     |       |       |       |     3 |     1 |     2 ||     6
Evoke: Wand              |       |       |     5 |       |     1 |     4 ||    10
  Use: Scroll            |       |       |     7 |     6 |     8 |     8 ||    29
       Potion            |       |       |       |       |     3 |     3 ||     6
 Stab: Sleeping          |    29 |    19 |   111 |   209 |   194 |   110 ||   672
       Confused          |       |     5 |    22 |    29 |    18 |     5 ||    79
       Distracted        |       |     1 |     2 |     5 |    14 |    25 ||    47
       Invisible         |       |       |       |       |     5 |       ||     5
Armor: Robe              |    14 |     6 |    28 |    21 |       |       ||    69
       Acid dragon scale |       |       |       |     1 |    70 |    89 ||   160
Dodge: Dodged            |    74 |    50 |   364 |   376 |   496 |   731 ||  2091
Block: Buckler           |       |       |       |       |    62 |   375 ||   437

Table legend: (Time is in decaauts)
 A = Elapsed time spent in this place.
 B = Non-inter-level travel time spent in this place.
 C = Inter-level travel time spent in this place.
 D = Time resting spent in this place.
 E = Time spent auto-exploring this place.
 F = Levels seen in this place.
 G = Mean time per level.
                   A        B        C        D        E       F      G
               +--------+--------+--------+--------+--------+-----+--------+
         Total |  46051 |  44174 |   1877 |  12227 |  22744 |  34 | 1354.4 |
       Dungeon |  18996 |  18034 |    962 |   2628 |  11539 |  15 | 1266.4 |
          Lair |   7012 |   6597 |    415 |   1498 |   3958 |   6 | 1168.7 |
         Swamp |   6581 |   6446 |    135 |   2484 |   2816 |   4 | 1645.2 |
     Snake Pit |   1757 |   1705 |     52 |    378 |   1060 |   2 |  878.5 |
  Orcish Mines |   4491 |   4309 |    182 |   1763 |   1363 |   2 | 2245.5 |
   Elven Halls |   6103 |   5974 |    129 |   3198 |   1561 |   3 | 2034.3 |
      Ice Cave |    946 |    946 |      0 |    276 |    355 |   1 |  946.0 |
      Gauntlet |    163 |    163 |      0 |      0 |     89 |   1 |  163.0 |
               +--------+--------+--------+--------+--------+-----+--------+

Top non-repeatable levels by time:
   Orc:2: 3520 daAuts
   Elf:1: 3290 daAuts
 Swamp:3: 2261 daAuts
  Lair:6: 2248 daAuts
    D:11: 2111 daAuts
 Swamp:4: 1888 daAuts
   Elf:2: 1851 daAuts
    D:10: 1816 daAuts
     D:4: 1811 daAuts
 Snake:1: 1696 daAuts
     D:1: 1590 daAuts
    D:14: 1551 daAuts
 Swamp:2: 1535 daAuts
     D:6: 1378 daAuts
     D:3: 1261 daAuts
